Map: Simulacrum LE

Players

ViBE - Winner!

  • Race: Zerg Zerg
  • League: Diamond
  • Spawn Location: 11:00

Barkode

  • Race: Protoss Protoss
  • Spawn Location: 5:00

VOD

Have the link to the VOD?

Description

Time

  • Played on: Dec. 19, 2019, 8:43 p.m.
  • Length: 8:21
Show
View Real Time Build Order
Export as new Build Order

ViBE Zerg - Winner!

Build Orders: Hatch First 

Get SALT Encoding   

  12  0:01  Drone  
  13  0:14  Overlord  
  13  0:17  Drone  
  14  0:33  Drone x2  
  16  0:45  Drone  
  17  0:54  Hatchery  
  16  0:58  Drone  
  16  1:02  Drone  
  18  1:16  Spawning Pool  
  17  1:20  Drone  
  17  1:21  Drone  
  19  1:30  Drone  
  20  1:49  Hatchery  
  20  1:53  Drone  
  20  1:54  Drone  
  21  2:06  Queen x2  
  25  2:20  Drone x3  
  28  2:26  Overlord  
  28  2:32  Overlord  
  28  2:47  Queen x2  
  28  2:49  Drone  
  28  2:50  Drone x2  
  35  2:55  Zergling x4  
  37  3:07  Drone x4  
  41  3:14  Drone  
  41  3:15  Drone  
  43  3:23  Drone x5  
  48  3:30  Drone  
  49  3:35  Overlord  
  49  3:36  Drone  
  50  3:46  Extractor  
  50  3:47  Extractor  
  48  3:51  Overlord  
  48  3:55  Drone x7  
  51  4:01  Roach Warren  
  54  4:07  Overlord  
  54  4:09  Overlord  
  54  4:10  Drone x5  
  54  4:15  Drone x4  
  63  4:23  Overlord  
  63  4:24  Extractor, Overlord  
  63  4:31  Extractor  
  61  4:35  Drone  
  61  4:36  Drone x8  
  70  4:45  Drone x5  
  75  4:50  Lair  
  75  4:54  Extractor  
  75  4:56  Extractor  
  73  5:02  Roach x6  
  84  5:17  Roach x2  
  84  5:18  Overlord x3  
  88  5:22  Overlord x2  
  88  5:32  Hatchery  
  87  5:44  Roach x3  
  87  5:45  Roach x6  
  87  5:47  Glial Reconstitution  
  87  5:48  Overseer  
  105  5:52  Overseer  
  105  5:54  Overlord  
  105  6:00  Drone x3  
  108  6:04  Drone, Hydralisk Den  
  108  6:06  Evolution Chamber  
  107  6:29  Drone x2  
  107  6:30  Roach x14  
  107  6:31  Overlord x2  
  137  6:35  Grooved Spines  
  137  6:53  Overlord x2  
  137  6:54  Overlord  
  137  6:55  Spore Crawler  
  137  6:56  Spine Crawler, Drone x2  
  137  6:57  Drone  
  137  6:58  Spine Crawler  
  137  7:10  Spore Crawler  
  137  7:11  Spine Crawler, Spore Crawler  
  137  7:12  Spine Crawler, Drone x2  
  137  7:13  Spine Crawler x2, Drone  
  137  7:14  Drone x3  
  137  7:24  Hatchery  
  136  7:32  Drone x6  
  142  7:49  Spine Crawler x2, Spore Crawler  
  142  7:50  Extractor x2  
Show
View Real Time Build Order
Export as new Build Order

Barkode Protoss 

Build Orders:  

Get SALT Encoding   

  12  0:02  Probe  
  13  0:14  Probe  
  14  0:21  Pylon  
  14  0:26  Probe  
  15  0:40  Probe (Chrono Boost)  
  17  0:50  Probe (Chrono Boost)  
  17  0:51  Gateway  
  17  0:55  Probe (Chrono Boost)  
  18  1:01  Assimilator  
  18  1:06  Probe (Chrono Boost)  
  19  1:13  Pylon  
  19  1:17  Probe (Chrono Boost)  
  20  1:22  Probe (Chrono Boost)  
  21  1:41  Forge  
  21  1:46  Pylon  
  21  1:48  Probe  
  22  2:13  Probe  
  22  2:22  Assimilator  
  22  2:24  Nexus  
  22  2:29  Photon Cannon  
  22  2:30  Probe  
  23  2:38  Cybernetics Core  
  23  2:42  Probe  
  24  2:53  Photon Cannon  
  24  2:57  Probe  
  25  3:09  Probe  
  25  3:12  Pylon  
  28  3:15  Warp Gate  
  28  3:21  Adept  
  28  3:22  Probe  
  30  3:34  Probe (Chrono Boost)  
  30  3:37  Probe (Chrono Boost)  
  31  3:45  Probe (Chrono Boost)  
  31  3:46  Probe (Chrono Boost)  
  33  3:49  Gateway  
  33  3:51  Gateway  
  33  3:52  Stalker (Chrono Boost)  
  33  3:54  Gateway  
  35  3:56  Probe, Pylon  
  36  4:03  Twilight Council  
  36  4:15  Pylon  
  36  4:20  Probe x2  
  36  4:21  Protoss Ground Weapons Level 1 (Chrono Boost)  
  36  4:22  Pylon  
  38  4:30  Assimilator  
  38  4:32  Probe, Assimilator  
  39  4:45  Probe x2  
  41  4:46  Pylon  
  41  4:58  Dark Shrine  
  41  5:04  Probe x2  
  43  5:10  Gateway  
  43  5:12  Gateway  
  43  5:15  Gateway  
  43  5:17  Gateway  
  42  6:15  Dark Templar x6  
  42  6:17  Pylon  
  54  6:37  Probe, Robotics Facility  
  54  6:38  Probe  
  55  6:50  Probe x2  
  55  7:02  Probe x2  
  56  7:22  Stalker x2  
  48  7:23  Stalker x4  
  48  7:24  Stalker  
  60  7:36  Probe  
  61  7:37  Probe  
  62  7:46  Zealot x4  
  62  7:47  Zealot x4  
  62  7:48  Probe  
  75  8:08  Dark Templar x2  
Tags
 
League
Diamond
Matchup
PvZ
Spawn Locations
Cross Positions
Add a new tag
Caveats
  • Supply blocks, unpowered buildings, or Contaminate may cause inaccurate times.
  • Supply counts are checked every 10 seconds.